 Dungeon Crawl Stone Soup version 0.27-a0-1202-ge72e49191c (webtiles) character file.

Game seed: 11222066695341628940

774 wakim the Magician (level 8, -5/58 HPs)
             Began as a Djinni Conjurer on June 3, 2021.
             Slain by a shadow (24 damage)
             ... on level 5 of the Dungeon.
             The game lasted 00:14:10 (7654 turns).

wakim the Magician (Djinni Conjurer)                Turns: 7654, Time: 00:14:10

Health: -5/58      AC:  3    Str:  6    XL:     8   Next: 10%
Gold:   296        EV: 13    Int: 23    God:
                   SH:  0    Dex: 11

rFire    + + .     SeeInvis .   b - +3 dagger (elec)
rCold    x . .     Faith    .   (no shield)
rNeg     . . .     Spirit   .   c - +0 robe
rPois    ∞         Reflect  .   (no helmet)
rElec    .         Harm     .   k - scarf {repulsion}
rCorr    .         Rampage  .   d - +0 pair of gloves
Will     .....                  (boots unavailable)
Stlth    ++........             (no amulet)
HPRegen  0.19/turn              s - ring of wizardry
MPRegen  0.00/turn              A - ring of wizardry

@: flying, repel missiles
A: sickness immunity, fire resistance 2, cold vulnerability 1, float, innate
caster, hp casting, extra vitality 1
a: no special abilities


You were on level 5 of the Dungeon.
You visited 1 branch of the dungeon, and saw 5 of its levels.

You collected 296 gold pieces.

Inventory:

Hand Weapons
 a - a +0 mace of protection
 b - a +3 dagger of electrocution (weapon)
Armour
 c - a +0 robe (worn)
 d - a +0 pair of gloves (worn)
 h - a +2 tower shield
 k - a scarf of repulsion (worn)
Jewellery
 s - a ring of wizardry (left hand)
 A - a ring of wizardry (right hand)
Wands
 u - a wand of mindburst (12)
 x - a wand of iceblast (4)
Scrolls
 g - a scroll of vulnerability {unknown}
 i - a scroll of fear {unknown}
 j - a scroll of brand weapon {unknown}
 l - a scroll of blinking {unknown}
 r - 3 scrolls of identify
 z - 2 scrolls of holy word {unknown}
Potions
 e - a potion of magic {unknown}
 f - 2 potions of flight {unknown}
 n - a potion of berserk rage {unknown}
 p - a potion of degeneration {unknown}
 q - a potion of mutation {unknown}
 t - 2 potions of might {unknown}
 B - 2 potions of attraction {!q}
 D - 2 potions of brilliance
 F - 2 potions of curing


   Skills:
 + Level 3.8 Fighting
 + Level 4.9 Dodging
 - Level 1.5 Stealth
 + Level 5.7 Spellcasting


You couldn't memorise any spells.
You knew the following spells:

 Your Spells              Type           Power      Damage    Failure   Level
a - Magic Dart            Conj           100%       1d8       1%          1
b - Dazzling Flash        Conj/Hex       66%        N/A       1%          3
c - Summon Small Mammal   Summ           100%       N/A       1%          1
d - Corpse Rot            Necr/Air       N/A        N/A       1%          2
e - Call Imp              Summ           33%        N/A       1%          2
s - Searing Ray           Conj           66%        3d5       1%          2
x - Iskenderun's Mystic   Conj/Tloc      33%        2d8       2%          4
z - Fulminant Prism       Conj/Hex       16%        3d11      2%          4
Your spell library was empty.

Dungeon Overview and Level Annotations

Branches:
Dungeon (5/15)
 Temple: D:4-7

Altars:
Xom
The Shining One

Shops:
D:2 (


Innate Abilities, Weirdness & Mutations

You are immune to sickness and miasma.
You are immune to poison.
Your flesh is very heat resistant. (rF++)
You are vulnerable to cold. (rC-)
You float through the air rather than walking.
You learn spells naturally, not from books.
Your magical power is your life essence.
You have superior vitality. (+4 HP)


Message History

The white imp hits you. The white imp freezes you.
You feel a terrible chill!
The searing ray hits the white imp!
You kill the white imp!
HP restored.
Found 10 gold pieces.
You now have 296 gold pieces (gained 10).
An adder zombie comes into view.
Casting: Searing Ray (safe; 1% risk of failure)
Confirm with . or Enter, or press ? or * to list all spells.
Aiming: Searing Ray (safe; 1% risk of failure)
Press: ? - help, Shift-Dir - straight line, f - adder zombie
Aim: an adder zombie (81% to hit)
The searing ray hits the adder zombie!
The adder zombie is almost destroyed. (Press . to maintain the ray.)
The searing ray hits the adder zombie!
You destroy the adder zombie!
z - 2 scrolls labelled XARIEX ICKET (gained 1)
There is an escape hatch in the floor here.
You see here a +0 club.
There is a stone staircase leading down here.
A shadow is nearby!
The shadow slips into darkness.
The shadow flickers and vanishes!
Deactivating autopickup; reactivate with Ctrl-A.
The shadow strikes at you from the darkness!
Reactivating autopickup.
There is an escape hatch in the floor here.
The shadow slips into darkness.
The shadow flickers and vanishes!
Deactivating autopickup; reactivate with Ctrl-A.
The shadow strikes at you from the darkness!
Ouch! That really hurt!
* * * LOW HITPOINT WARNING * * *
Reactivating autopickup.
The shadow slips into darkness.
The shadow flickers and vanishes!
Deactivating autopickup; reactivate with Ctrl-A.
The shadow strikes at you from the darkness!
You die...

#.# #.# #.# #.#
#.# #.# #.# #.#
#@# #.#
############# #.#
............# #.#
###########.####.#
#.#..#.###
#.#..#...#
#.#..#..##
#.#..#..##


There were no monsters in sight!

Vanquished Creatures
  A black bear (D:5)
  An ogre (D:4)
  A phantom (D:5)
  2 scorpions (D:5)
  3 hounds
  Ijyb (D:4)
  An iguana (D:2)
  2 orc wizards (D:5)
  5 adders
  4 gnolls (D:4)
  2 white imps
  An adder zombie (D:5)
  2 worms
  4 dart slugs
  12 orcs
  2 bats
  4 endoplasms
  4 giant cockroaches (D:1)
  9 goblins
  9 hobgoblins
  2 jackals (D:2)
  6 quokkas
  5 ball pythons
  2 frilled lizards
  5 kobolds
  4 rats
94 creatures vanquished.

Notes
Turn   | Place    | Note
-------+----------+-------------------------------------------
     0 | D:1      | wakim the Djinni Conjurer began the quest for the Orb.
     0 | D:1      | Reached XP level 1. HP: 15/15 MP: 0/0
     4 | D:1      | Noticed a demigod
     4 | D:1      | Noticed a palentonga
     6 | D:1      | Noticed an ogre
     6 | D:1      | Noticed a minotaur
     8 | D:1      | Noticed a human
    11 | D:1      | Noticed an octopode
    11 | D:1      | Noticed a vampire
    13 | D:1      | Noticed a merfolk
    13 | D:1      | Noticed a felid
    15 | D:1      | Noticed a demonspawn
    15 | D:1      | Noticed a formicid
    17 | D:1      | Noticed a troll
    17 | D:1      | Noticed a gargoyle
    19 | D:1      | Noticed an elf
    19 | D:1      | Noticed a naga
    21 | D:1      | Noticed a centaur
    21 | D:1      | Noticed a barachi
    23 | D:1      | Noticed a tengu
    23 | D:1      | Noticed a vine stalker
    25 | D:1      | Noticed a ghoul
    25 | D:1      | Noticed a draconian
    27 | D:1      | Noticed a spriggan
    27 | D:1      | Noticed a dwarf
   385 | D:1      | Reached XP level 2. HP: 19/21 MP: 0/0
  1112 | D:1      | Reached XP level 3. HP: 24/25 MP: 0/0
  1112 | D:1      | Learned a level 1 spell: Summon Small Mammal
  1594 | D:1      | Reached skill level 4 in Spellcasting
  2087 | D:2      | Reached XP level 4. HP: 21/31 MP: 0/0
  2420 | D:2      | Found Xatue's Antique Weapon Emporium.
  2830 | D:2      | Reached XP level 5. HP: 26/35 MP: 0/0
  2830 | D:2      | Learned a level 2 spell: Corpse Rot
  4173 | D:3      | Reached skill level 1 in Fighting
  4844 | D:4      | Noticed Ijyb
  4853 | D:4      | Reached skill level 5 in Spellcasting
  4853 | D:4      | Reached XP level 6. HP: 39/42 MP: 0/0
  4895 | D:4      | Noticed an ogre
  5026 | D:4      | Found a shimmering altar of Xom.
  5263 | D:4      | Killed an ogre
  5374 | D:4      | Found the +3 salamander hide armour {Flames rF++ rC--}
  5693 | D:5      | Entered Level 5 of the Dungeon
  5719 | D:5      | Reached XP level 7. HP: 16/49 MP: 0/0
  5719 | D:5      | Learned a level 2 spell: Call Imp
  6295 | D:4      | Killed Ijyb
  6622 | D:5      | Found a glowing golden altar of the Shining One.
  7122 | D:5      | Reached XP level 8. HP: 49/58 MP: 0/0
  7166 | D:5      | Noticed a shadow
  7654 | D:5      | Slain by a shadow

Illustrated notes

Levels and vault maps discovered:
D:1:      kb_arrival_jail, layout_loops_corners, minmay_misc_feat_four_crosses
D:2:      minmay_chambers_of_ones, layout_loops_cross, serial_shops, shop,
          minivault_19, guppyfry_early_orc_mine
D:3:      layout_basic
D:4:      layout_basic, old_standard_altar, uniq_ijyb
D:5:      layout_basic, lemuel_tele_altar

Skill      XL: |  1  2  3  4  5  6  7 |
---------------+----------------------+-----
Spellcasting   | 4 5 |  5.7
Fighting       | 1 2 3 |  3.8
Dodging        | 3 4 |  4.9
Stealth        | |  1.5

Action                   |  1- 3 |  4- 6 |  7- 9 || total
-------------------------+-------+-------+-------++-------
 Cast: Magic Dart        |    59 |    33 |     2 ||    94
       Searing Ray       |     6 |    23 |    19 ||    48
       Iskenderun's Myst |       |       |     4 ||     4
  Use: Scroll            |       |     8 |       ||     8
Armor: Robe              |     1 |     2 |     3 ||     6
Dodge: Dodged            |     2 |     8 |    11 ||    21

Table legend: (Time is in decaauts)
 A = Elapsed time spent in this place.
 B = Non-inter-level travel time spent in this place.
 C = Inter-level travel time spent in this place.
 D = Time resting spent in this place.
 E = Time spent auto-exploring this place.
 F = Levels seen in this place.
 G = Mean time per level.
                   A        B        C        D        E       F      G
               +--------+--------+--------+--------+--------+-----+--------+
         Total |   7657 |   7478 |    179 |    614 |   6093 |   5 | 1531.4 |
       Dungeon |   7657 |   7478 |    179 |    614 |   6093 |   5 | 1531.4 |
               +--------+--------+--------+--------+--------+-----+--------+

Top non-repeatable levels by time:
     D:1: 1717 daAuts
     D:3: 1665 daAuts
     D:5: 1592 daAuts
     D:4: 1399 daAuts
     D:2: 1282 daAuts
